 Dungeon Crawl Stone Soup version 0.18-a0-1800-gdc7a371 (webtiles) character file.

9 Melicamp the Gusty (level 2, -2/13 HPs)
             Began as a Vine Stalker Air Elementalist on Apr 24, 2016.
             Slain by a kobold
             ... wielding a +0 dagger
              (3 damage)
             ... on level 1 of the Dungeon.
             The game lasted 00:03:44 (524 turns).

Melicamp the Gusty (Vine Stalker Air Elementalist)   Turns: 524, Time: 00:03:44

Health: -2/13      AC:  2    Str: 10    XL:     2   Next: 16%
Magic:  0/6        EV: 12    Int: 15    God:
Gold:   39         SH:  0    Dex: 14    Spells: 3 memorised, 0 levels left

rFire  . . .     SeeInvis .     (no weapon)
rCold  . . .     Gourm    .     a - +0 robe
rNeg   . . .     Faith    .     (no shield)
rPois  +         Spirit   +     (no helmet)
rElec  .         Dismiss  .     (no cloak)
rCorr  .         Reflect  .     (no gloves)
SustAt .         Harm     .     (no boots)
MR     .....                    (no amulet)
Stlth  ++........               (no ring)
                                h - ring of poison resistance

@: not resistant to hostile enchantments, unstealthy
A: fangs 2, regeneration 1, magic shield, antimagic bite, no device heal 3, rot
immunity
a: no special abilities


You were on level 1 of the Dungeon.
You were not hungry.

You visited 1 branch of the dungeon, and saw 1 of its levels.

You collected 39 gold pieces.

Inventory:

Armour
 a - a +0 robe (worn)
Jewellery
 h - a ring of poison resistance (left hand)
Scrolls
 e - a scroll of immolation {unknown}
 g - a scroll of fear {unknown}
Books
 b - a book of Air

   Spells                             Type                      Level
   a - Shock                          Conjuration/Air              1
   b - Swiftness                      Charms/Air                   2
   c - Repel Missiles                 Charms/Air                   2
   d - Static Discharge               Conjuration/Air              3
   e - Lightning Bolt                 Conjuration/Air              5
Comestibles
 c - a bread ration
 d - 3 fruits


   Skills:
 + Level 1.9 Dodging
 * Level 2.5 Stealth
 + Level 2.2 Spellcasting
 - Level 1.0 Conjurations
 + Level 3.2 Air Magic


You couldn't memorise any spells.
You knew the following spells:

 Your Spells              Type           Power        Failure   Level  Hunger
a - Shock                 Conj/Air       #...         12%         1    #......
b - Swiftness             Chrm/Air       #.......     17%         2    ###....
c - Repel Missiles        Chrm/Air       #.....       17%         2    ###....


Dungeon Overview and Level Annotations

Branches:
Dungeon (1/15)

Altars:


Innate Abilities, Weirdness & Mutations

You have extremely sharp teeth.
Your natural rate of healing is unusually fast.
When hurt, damage is shared between your health and your magic reserves.
Your bite disrupts and absorbs the magic of your enemies.
Potions and wands cannot restore your health.
You are immune to rotting.


Message History

The kobold is moderately wounded.
The bat barely misses you. The giant gecko barely misses you.
The kobold hits you but does no damage.
You barely miss the kobold. Your bite misses the kobold.
The kobold is moderately wounded.
The bat hits you but does no damage. The giant gecko misses you.
The kobold hits you but does no damage.
You hit the kobold but do no damage. You bite the kobold. You drain its power.
You feel invigorated.
The kobold is moderately wounded.
The bat hits you.
* * * LOW HITPOINT WARNING * * *
The giant gecko bites you.
* * * LOW HITPOINT WARNING * * *
The kobold hits you but does no damage.
You closely miss the kobold.
The kobold is moderately wounded.
The bat hits you but does no damage. The giant gecko barely misses you.
The kobold hits you with a dagger.
You die...

#.###... ..# ####.#....#
#####.# #.[#.#.#..# #...#.# .
#..#.#.#..###.#.#.#
#.###..#.#.#...##.#.#.#
#......#.#.#...##.#.#.# .#
#......#.#.#....#b#.#.###...##
..........(((...@KK..)(.......
#.#....#.#.#(.#.l##.#.##....##
#.##.#.#.#........#.# ...# ...
..#.#.#.###.####.# ..# ...
####.#.#.?..... #.# .# ###
#.#.###......#.# # ..#.#
#.##.###.# ###.# . .# #.#


You could see a giant gecko, a bat and 2 kobolds.

Vanquished Creatures
  A dart slug (D:1)
  A goblin (D:1)
  A hobgoblin (D:1)
  3 bats (D:1)
  2 giant newts (D:1)
8 creatures vanquished.

Notes
Turn   | Place    | Note
--------------------------------------------------------------
     0 | D:1      | Melicamp the Vine Stalker Air Elementalist began the quest for the Orb.
     0 | D:1      | Reached XP level 1. HP: 9/9 MP: 4/4
   273 | D:1      | Reached XP level 2. HP: 8/13 MP: 6/6
   296 | D:1      | Learned a level 2 spell: Swiftness
   299 | D:1      | Learned a level 2 spell: Repel Missiles
   524 | D:1      | Slain by a kobold

Vault maps used:
D:1:      dpeg_arrival_windows_large_door

Action                   || total
-------------------------++-------
Melee: Unarmed           ||    42
       Bite              ||    12
 Cast: Repel Missiles    ||     1
       Swiftness         ||     1
 Stab: Sleeping          ||     1
Armor: Robe              ||    18
Dodge: Dodged            ||    41
       Deflected         ||     1
